Map: Acid Plant LE

Players

Lambo

  • Race: Zerg Zerg
  • Spawn Location: 11:00

ShoWTimE - Winner!

  • Race: Protoss Protoss
  • Spawn Location: 5:00

Event: WCS Montreal 2018

VOD

Have the link to the VOD?

Description

Time

  • Played on: Sept. 9, 2018, 11:09 a.m.
  • Length: 13:26

All games in this series

Show
View Real Time Build Order
Export as new Build Order

Lambo Zerg 

Build Orders: Hatch First 

Get SALT Encoding   

  12  0:00  Drone  
  13  0:12  Overlord  
  13  0:17  Drone  
  14  0:31  Drone x2  
  16  0:48  Hatchery  
  15  0:51  Drone  
  15  0:56  Drone  
  17  0:58  Drone  
  18  1:10  Extractor  
  17  1:14  Spawning Pool  
  17  1:17  Drone  
  17  1:20  Drone  
  18  1:27  Drone  
  19  1:38  Drone  
  20  1:52  Overlord  
  20  2:00  Queen x2  
  24  2:01  Zergling x4  
  26  2:10  Drone  
  26  2:11  Drone  
  26  2:13  Metabolic Boost  
  28  2:22  Drone x2  
  30  2:35  Hatchery  
  29  2:39  Drone  
  29  2:40  Drone  
  29  2:43  Drone  
  32  2:46  Overlord  
  32  2:53  Queen  
  34  3:00  Drone  
  34  3:05  Drone x3  
  38  3:08  Drone x2  
  40  3:13  Overlord  
  40  3:14  Drone x2  
  40  3:17  Drone  
  40  3:19  Drone  
  44  3:24  Overlord  
  44  3:31  Queen  
  47  3:34  Drone x2  
  48  3:44  Drone x2  
  48  3:45  Drone x2  
  48  3:47  Drone  
  53  3:48  Drone  
  53  3:55  Spore Crawler, Drone x2  
  55  3:56  Spore Crawler  
  55  3:59  Drone  
  55  4:00  Drone x3  
  58  4:04  Overlord  
  58  4:21  Queen  
  58  4:22  Drone x3  
  63  4:24  Drone x2  
  63  4:26  Drone, Lair  
  63  4:30  Overlord  
  66  4:31  Roach Warren  
  66  4:32  Drone  
  66  4:35  Overlord  
  66  4:36  Overlord  
  66  4:40  Extractor x2, Drone, Overlord  
  66  4:41  Drone  
  66  4:45  Evolution Chamber, Overlord  
  66  4:46  Drone  
  66  4:50  Zergling x10  
  66  4:51  Overlord  
  71  4:56  Zergling x2  
  71  4:57  Drone  
  71  4:58  Drone x2  
  75  5:00  Queen  
  75  5:03  Drone x5  
  75  5:06  Extractor  
  81  5:07  Extractor  
  81  5:09  Drone  
  81  5:10  Drone  
  81  5:11  Drone x2  
  81  5:13  Zerg Missile Weapons Level 1  
  81  5:14  Drone  
  85  5:16  Spore Crawler  
  85  5:17  Drone  
  85  5:22  Drone x2  
  85  5:25  Extractor  
  84  5:29  Spire  
  84  5:30  Drone  
  84  5:32  Overlord  
  84  5:33  Glial Reconstitution  
  84  5:38  Spore Crawler  
  84  5:39  Drone x3, Spore Crawler  
  84  5:41  Spore Crawler  
  84  5:42  Queen  
  84  5:47  Drone x2  
  88  5:51  Drone x3  
  88  5:52  Spore Crawler, Hydralisk Den  
  86  5:58  Drone x4  
  86  6:03  Spore Crawler, Drone x2  
  90  6:05  Spore Crawler  
  90  6:06  Drone x2  
  91  6:13  Drone x4  
  91  6:17  Drone x3  
  95  6:22  Overlord  
  94  6:27  Drone x4  
  94  6:29  Hatchery  
  94  6:30  Drone  
  96  6:33  Grooved Spines  
  96  6:35  Drone x2  
  96  6:36  Drone  
  96  6:38  Drone  
  96  6:43  Zerg Flyer Armor Level 1  
  96  6:51  Corruptor  
  96  6:52  Corruptor x2  
  102  6:58  Corruptor x2  
  102  7:00  Corruptor  
  108  7:07  Corruptor  
  108  7:08  Corruptor  
  110  7:13  Corruptor  
  112  7:16  Corruptor  
  112  7:22  Corruptor  
  116  7:28  Overlord x2  
  116  7:30  Corruptor  
  118  7:43  Hydralisk  
  120  7:44  Muscular Augments  
  120  7:48  Extractor  
  120  7:49  Roach x4  
  120  7:50  Overlord x2  
  120  7:51  Overlord  
  129  7:54  Hydralisk x4  
  129  7:58  Drone x3  
  137  7:59  Overlord  
  137  8:00  Hydralisk  
  137  8:05  Hydralisk x2  
  139  8:08  Hydralisk  
  145  8:14  Hydralisk, Overlord  
  147  8:20  Hydralisk x2  
  147  8:23  Hydralisk x2, Hatchery  
  154  8:30  Hydralisk x3  
  160  8:36  Hydralisk x2  
  162  8:43  Hydralisk x2  
  162  8:44  Hydralisk  
  162  8:47  Hydralisk  
  170  8:50  Zergling x8  
  170  8:51  Overlord x2  
  170  8:53  Hydralisk x2  
  178  9:02  Hydralisk  
  178  9:03  Zergling x4  
  178  9:06  Overlord  
  182  9:11  Ravager, Overlord  
  182  9:12  Zergling x6, Ravager  
  182  9:13  Zergling x16  
  195  9:19  Hydralisk x2  
  195  9:22  Ravager  
  200  9:28  Hydralisk  
  200  9:29  Hydralisk  
  197  9:42  Hydralisk x3  
  195  9:47  Zergling x10  
  195  9:50  Hydralisk x6  
  197  9:59  Drone x4  
  195  10:00  Drone x3  
  195  10:01  Extractor, Infestation Pit  
  195  10:04  Spore Crawler  
  195  10:05  Drone x2  
  196  10:16  Hydralisk  
  198  10:31  Overlord  
  198  10:34  Hydralisk x2  
  199  10:36  Hatchery  
  199  10:37  Hydralisk x2  
  196  10:43  Hive  
  190  10:54  Drone x5, Spine Crawler x2  
  190  10:56  Drone x3  
  196  11:01  Extractor  
  196  11:03  Hydralisk  
  196  11:04  Hydralisk  
  194  11:06  Overseer  
  198  11:20  Hydralisk x3  
  198  11:24  Hydralisk x10  
  194  11:26  Hydralisk x7  
  194  11:27  Hydralisk x2  
  194  11:29  Hydralisk x7  
  183  11:33  Hydralisk x3  
  171  11:43  Hydralisk x3  
  171  11:44  Zergling x10  
  182  11:48  Pneumatized Carapace  
  182  11:49  Hydralisk  
  182  11:53  Hydralisk x2  
  182  11:54  Hydralisk  
  182  11:58  Hydralisk  
  182  11:59  Zergling x4  
  175  12:02  Hydralisk  
  175  12:03  Hydralisk  
  175  12:05  Zergling x6  
  149  12:08  Hydralisk x2  
  149  12:11  Hydralisk  
  135  12:17  Hydralisk x2  
  135  12:20  Hydralisk x2  
  140  12:24  Hydralisk x2  
  140  12:27  Hydralisk  
  140  12:29  Hydralisk  
  141  12:32  Hydralisk  
  141  12:35  Hydralisk  
  147  12:37  Hydralisk  
  145  12:44  Hydralisk  
  145  12:48  Hydralisk x2  
  145  12:51  Hydralisk  
  148  12:53  Zergling x4  
  148  12:55  Hydralisk  
  148  12:59  Hydralisk  
Show
View Real Time Build Order
Export as new Build Order

ShoWTimE Protoss - Winner!

Build Orders: 1 Gate Expand, Oracle Opening, Phoenix Opening, Mass Phoenix 

Get SALT Encoding   

  12  0:00  Probe  
  13  0:12  Probe  
  14  0:17  Pylon  
  14  0:24  Probe  
  15  0:32  Probe  
  15  0:40  Probe  
  15  0:41  Gateway  
  16  0:46  Assimilator  
  17  0:51  Probe  
  18  1:03  Probe  
  19  1:15  Probe  
  20  1:25  Nexus  
  20  1:35  Cybernetics Core  
  20  1:37  Probe  
  21  1:44  Assimilator  
  21  1:49  Probe  
  21  1:53  Pylon  
  22  2:01  Probe  
  22  2:03  Adept  
  23  2:13  Probe  
  26  2:17  Stargate  
  26  2:24  Warp Gate  
  26  2:25  Probe  
  26  2:29  Adept  
  27  2:33  Probe  
  30  2:37  Probe  
  30  2:41  Probe  
  31  2:49  Probe  
  31  2:51  Probe  
  33  2:53  Phoenix  
  34  3:02  Probe  
  34  3:03  Probe  
  38  3:13  Gateway  
  38  3:14  Probe  
  38  3:15  Probe, Oracle  
  43  3:23  Probe  
  43  3:26  Pylon, Probe  
  44  3:31  Probe, Assimilator  
  44  3:33  Assimilator  
  46  3:44  Probe  
  46  3:45  Stargate, Probe  
  48  3:53  Pylon  
  48  3:56  Probe  
  48  3:57  Probe  
  48  3:58  Phoenix  
  52  4:08  Probe  
  52  4:09  Probe  
  54  4:10  Pylon  
  54  4:17  Phoenix  
  54  4:20  Probe  
  54  4:21  Phoenix  
  57  4:25  Probe  
  60  4:35  Pylon  
  60  4:36  Adept  
  60  4:37  Adept  
  64  4:40  Phoenix  
  64  4:44  Phoenix  
  68  4:53  Pylon  
  68  4:58  Nexus  
  68  5:01  Probe x2  
  70  5:07  Phoenix  
  70  5:10  Phoenix  
  74  5:15  Probe x2  
  74  5:17  Shield Battery  
  76  5:23  Shield Battery  
  76  5:29  Probe x2  
  76  5:35  Pylon, Phoenix  
  80  5:36  Phoenix  
  80  5:41  Probe x2  
  84  5:48  Pylon  
  84  6:00  Probe x2  
  86  6:06  Robotics Facility  
  86  6:07  Phoenix x2  
  86  6:08  Robotics Facility  
  90  6:16  Probe x3  
  93  6:27  Protoss Air Weapons Level 1  
  93  6:28  Probe x3  
  93  6:29  Assimilator  
  96  6:36  Assimilator  
  96  6:38  Sentry x2  
  98  6:40  Probe x3  
  98  6:42  Forge  
  98  6:43  Immortal, Twilight Council  
  98  6:44  Pylon  
  101  6:47  Pylon  
  101  6:52  Probe x2  
  107  6:59  Pylon  
  111  7:14  Gateway  
  111  7:17  Void Ray x2, Gateway  
  111  7:19  Protoss Ground Weapons Level 1, Charge  
  111  7:20  Gateway  
  112  7:22  Observer  
  112  7:23  Gateway  
  116  7:30  Shield Battery  
  116  7:32  Shield Battery  
  116  7:36  Photon Cannon  
  116  7:39  Immortal  
  116  7:44  Immortal  
  124  7:47  Void Ray  
  124  7:48  Void Ray  
  124  7:49  Pylon  
  132  8:13  Gateway  
  132  8:14  Templar Archives  
  132  8:15  Gateway  
  132  8:19  Immortal  
  136  8:23  Void Ray  
  136  8:24  Void Ray  
  144  8:48  Shield Battery  
  144  8:49  Immortal  
  144  8:50  Shield Battery x2, Photon Cannon  
  144  8:53  Shield Battery  
  144  8:54  Pylon  
  148  8:57  Pylon  
  148  8:58  Pylon  
  148  9:05  Nexus  
  148  9:10  Immortal  
  148  9:12  Sentry  
  148  9:13  Sentry  
  148  9:16  Shield Battery  
  149  9:19  Shield Battery, Sentry  
  155  9:25  Shield Battery  
  155  9:26  Pylon  
  155  9:28  Immortal  
  159  9:33  Shield Battery  
  159  9:34  Pylon  
  153  9:40  Sentry x2, Zealot x2  
  153  9:41  Zealot  
  159  9:49  Immortal, Protoss Ground Weapons Level 2  
  159  9:53  Psionic Storm  
  157  10:02  Shield Battery  
  157  10:04  Zealot  
  157  10:05  Zealot  
  161  10:08  Immortal  
  161  10:12  Pylon  
  165  10:19  High Templar  
  167  10:22  Immortal  
  167  10:26  High Templar  
  173  10:28  Nexus  
  173  10:35  Zealot x4  
  181  10:40  Observer  
  181  10:41  High Templar x2  
  177  10:57  Warp Prism  
  177  10:58  High Templar  
  177  11:00  Nexus  
  177  11:04  Pylon  
  181  11:06  Pylon, Zealot x3  
  181  11:07  Zealot  
  189  11:23  Zealot x2  
  189  11:24  Zealot  
  171  11:28  Archon  
  171  11:30  Zealot x4  
  171  11:32  Archon  
  159  11:39  Probe x2  
  160  11:40  Probe  
  160  11:42  Immortal  
  160  11:44  High Templar x4  
  172  11:50  Archon  
  172  11:51  Archon, Probe  
  171  12:00  Zealot x4  
  161  12:16  Fleet Beacon  
  161  12:17  Probe x4  
  161  12:19  High Templar x3  
  167  12:23  Observer  
  167  12:28  Zealot x5  
  172  12:37  Assimilator  
  172  12:48  Zealot x2  
  172  12:49  Zealot x2  
  172  12:50  Assimilator  
  176  12:56  High Templar x2  
  170  12:58  Zealot  
  170  12:59  Zealot  
  164  13:11  Zealot x3  
  164  13:12  Zealot  
  154  13:19  Zealot x2  
Tags
 
Add a new tag
Caveats
  • Supply blocks, unpowered buildings, or Contaminate may cause inaccurate times.
  • Supply counts are checked every 10 seconds.